 Dungeon Crawl Stone Soup version 0.31.0-9-g3a7656b989 (webtiles) character file.

Game seed: 15313719050810349692

13308 qw the Markself (level 11, -3/67 HPs)
             Began as a Deep Elf Hunter on Feb 2, 2024.
             Was a High Priest of Okawaru.
             Slain by a death yak (7 damage)
             ... on level 1 of the Lair of Beasts.
             The game lasted 00:00:51 (7703 turns).

qw the Markself (Deep Elf Hunter)                   Turns: 7703, Time: 00:00:52

Health: -3/67      AC: 13    Str: 12    XL:     11   Next: 73%
Magic:  15/20      EV: 15    Int: 15    God:    Okawaru [*****.]
Gold:   1084       SH:  0    Dex: 18    Spells: 10/10 levels left

rFire   . . .        s - +2 orcbow (flame)
rCold   + . .        (shield currently unavailable)
rNeg    . . .        k - +1 ring mail {Will+}
rPois   +            (helmet restricted)
rElec   +            q - +0 cloak
rCorr   .            (no gloves)
SInv    +            r - +1 pair of boots of Context {Rampage *Corrode rElec rPois}
Will    ++...        j - amulet of faith
Stlth   +            g - +4 ring of protection
HPRegen 0.31/turn    e - ring of protection from cold
MPRegen 0.17/turn

%: corrode self (3%), rampage, faith
@: finesse-ful
A: antennae 1, see invisible, inability to read after injury 1, MP-powered wands
a: Renounce Religion, Heroism, Finesse, Duel


You were on level 1 of the Lair of Beasts.
You worshipped Okawaru.
Okawaru was extremely pleased with you.
You visited 3 branches of the dungeon, and saw 10 of its levels.

You collected 1335 gold pieces.
You spent 251 gold pieces at shops.


Innate Abilities, Weirdness & Mutations

You have a pair of small antennae on your head.
You have supernaturally acute eyesight. (SInv)
You occasionally lose the ability to read scrolls when taking damage.
You expend magic power (3 MP) to strengthen your wands.


   Skills:
 - Level 7.1 Fighting
 - Level 16.0 Ranged Weapons
 - Level 3.0 Armour
 + Level 9.4 Dodging
 - Level 1.2 Stealth
 - Level 10.0 Invocations


You had 10 spell levels left.
You didn't know any spells.
Your spell library was empty.

Inventory:

Hand Weapons
 s - a +2 orcbow of flaming (weapon)
Armour
 b - +0 acid dragon scales
 k - a +1 ring mail of willpower (worn)
 q - a +0 cloak (worn)
 r - the +1 pair of boots of Context (worn) {Rampage *Corrode rElec rPois}
   (You found it on level 7 of the Dungeon)

   rElec:     It insulates you from electricity.
   rPois:     It protects you from poison *Corrode: It may corrode you when you
   take damage.
   Rampage:   It bestows one free step when moving towards enemies.
Jewellery
 e - a ring of protection from cold (right hand)
 g - a +4 ring of protection (left hand)
 h - an amulet of regeneration
 j - an amulet of faith (around neck)
 m - a ring of willpower
 p - a ring of poison resistance
 w - a ring of protection from fire
 Y - the ring "Maiwue" {+Blink rN+ SInv}
   (You found it on level 5 of the Dungeon)

   [ring of see invisible]

   rN+:       It protects you from negative energy.
   SInv:      It lets you see invisible.
   +Blink:    It lets you blink.
Wands
 a - a wand of roots (5)
 t - a wand of mindburst (10)
Scrolls
 l - 3 scrolls of identify
Potions
 c - 2 potions of curing
 f - a potion of cancellation
 i - a potion of enlightenment
 n - a potion of resistance {unknown}
 o - a potion of haste {unknown}
 u - a potion of degeneration {unknown}
 v - a potion of magic

Dungeon Overview and Level Annotations

Branches:
Dungeon (8/15)             Temple (1/1) D:5            Lair (1/5) D:8

Altars:
Cheibriados
Dithmenos
Elyvilon
Fedhas
Gozag
Hepliaklqana
Makhleb
Nemelex Xobeh
Okawaru
Qazlal
Ru
Sif Muna
Uskayaw
Vehumet
Wu Jian
Xom
Yredelemnul
Zin
The Shining One

Shops:
D:5 **[?   D:8 (**

Annotations:
D:5 1 runed translucent door, qw's ghost, amateur DEHu


Message History

You shoot an arrow.
The arrow hits the death yak but does no damage.
The death yak is almost dead.
Your hands slow down.
Enter note:
Enter note:
Enter note:
Enter note:
Enter note:
Enter note:
Enter note:
Enter note:
7699 ||| RETREEEEATING.
The death yak gores you but does no damage.
The death yak attacks as it pursues you!
The death yak gores you!!
Enter note:
Enter note:
Enter note:
Enter note:
7700 ||| RETREEEEATING.
A black mamba comes into view.
The death yak attacks as it pursues you!
The death yak barely misses you.
Enter note:
Enter note:
Enter note:
Enter note:
7701 ||| RETREEEEATING.
Enter note:
Enter note:
Enter note:
Enter note:
7702 ||| RETREEEEATING.
The death yak attacks as it pursues you!
The death yak gores you but does no damage.
7703 ||| INVOKING Finesse.
You can now deal lightning-fast blows.
The death yak gores you!
You die...

.....# ##........# ##..## ..####
#.######.## #....## .## ### ##.#
######..## .####### #..#
##........# .......# ### ##.#
#........?#
......#####.###..#######........#
.................##.#.##........#
......#########........+........#
......# ##@##.###.........#
......# ##Y#### ##.........
####.## ###.Y# #.........# ..P#
#....# ##........# ##### #.#...#
###..#.#P## .. ##.## ##......###
.....Y.## #........# #.#.....Y
##........# # +...7. #.........##


You could see 2 death yaks.

Vanquished Creatures
  3 death yaks (Lair:1)
  A centaur warrior (D:8)
  3 two-headed ogres
  2 cyclopes (D:8)
  An elephant (D:8)
  6 cane toads (Lair:1)
  Maggie (D:7)
  Jeremiah (D:7)
  A hornet (D:8)
  A yak (D:8)
  A shadow (D:8)
  A vampire (D:8)
  A wyvern (D:8)
  2 basilisks
  Eustachio (D:6)
  Edmund (D:5)
  Menkaure (D:6)
  A steam dragon (D:8)
  Duvessa (D:6)
  4 water moccasins
  An orc warrior (D:8)
  An ice beast (D:6)
  8 sky beasts
  3 black bears
  3 wolves (Lair:1)
  3 ogres
  2 centaurs
  3 phantoms
  11 bullfrogs
  A gnoll sergeant (D:8)
  4 scorpions
  Dowan (D:6)
  A killer bee (D:8)
  2 howler monkeys (D:8)
  4 hounds
  2 sleepcaps
  2 orc priests
  3 jellies
  An iguana (D:7)
  Ijyb (D:5)
  6 orc wizards
  5 adders
  A shadow imp (D:8)
  3 white imps
  A dart slug (D:4)
  28 orcs
  7 endoplasms
  A giant cockroach (D:2)
  4 goblins
  4 hobgoblins
  14 jackals
  6 quokkas
  8 ball pythons
  4 bats
  2 frilled lizards (D:1)
  4 kobolds
  8 rats
197 creatures vanquished.

Notes
Turn   | Place    | Note
-------+----------+-------------------------------------------
     0 | D:1      | qw the Deep Elf Hunter began the quest for the Orb.
     0 | D:1      | Reached XP level 1. HP: 12/12 MP: 3/3
     0 | D:1      | 0 ||| qw: Version: 0.3-a-155-g5e7d8dd
     0 | D:1      | 0 ||| qw: Game counter: 2097
     0 | D:1      | 0 ||| qw: Melee chars always use a shield: true
     0 | D:1      | 0 ||| qw: God list: Okawaru
     0 | D:1      | 0 ||| qw: Allow faded altars: false
     0 | D:1      | 0 ||| qw: Do Orc after clearing Dungeon:15 true
     0 | D:1      | 0 ||| qw: Do second Lair branch before Depths: true
     0 | D:1      | 0 ||| qw: Lair rune preference: random
     0 | D:1      | 0 ||| qw: Goals: Normal
     0 | D:1      | 0 ||| PLANNING D:1-11
   149 | D:1      | Reached XP level 2. HP: 16/16 MP: 4/4
   190 | D:1      | Reached skill level 6 in Ranged Weapons
   280 | D:1      | Found a faded altar of an unknown god.
   400 | D:1      | 400 ||| UPGRADING to +0 ring mail.
   410 | D:1      | 410 ||| DROPPING +0 leather armour.
   411 | D:1      | 411 ||| DROPPING scarf of invisibility.
   412 | D:1      | 412 ||| UPGRADING to amulet of regeneration.
   417 | D:1      | 417 ||| READING scroll labelled WISURPH DY HEO.
   418 | D:1      | 418 ||| READING scroll labelled FOOGHA FEORHA UMY.
   418 | D:1      | 418 ||| IDENTIFYING coppery potion
   419 | D:1      | 419 ||| DROPPING scroll of butterflies.
   431 | D:2      | 431 ||| STAIRDANCE
   446 | D:2      | 446 ||| STAIRDANCE
   459 | D:2      | 459 ||| STAIRDANCE
   557 | D:2      | Reached XP level 3. HP: 20/20 MP: 5/5
   724 | D:2      | 724 ||| SWAPPING to +2 orcbow of flaming.
   725 | D:2      | 725 ||| DROPPING +0 shortbow.
   729 | D:2      | Reached skill level 7 in Ranged Weapons
   888 | D:2      | 888 ||| UPGRADING to +0 cloak.
   893 | D:2      | 893 ||| READING scroll of identify.
   893 | D:2      | 893 ||| IDENTIFYING murky clear potion
   894 | D:2      | 894 ||| READING 2 scrolls labelled ZICLAO GUFISE.
   895 | D:2      | 895 ||| READING scroll labelled UTROULL DIURUO.
   896 | D:2      | 896 ||| READING scroll labelled FUSAEC MIWN.
   899 | D:2      | 899 ||| READING scroll labelled INUZXA IC ZAUT.
   900 | D:2      | 900 ||| DROPPING scroll of fog.
   913 | D:3      | Noticed a centaur
   914 | D:3      | 914 ||| STAIRDANCE
   922 | D:3      | 922 ||| STAIRDANCE
   926 | D:2      | Killed a centaur
   927 | D:2      | Reached skill level 8 in Ranged Weapons
   927 | D:2      | Reached XP level 4. HP: 20/25 MP: 6/6
  1216 | D:3      | Reached XP level 5. HP: 29/29 MP: 7/7
  1576 | D:3      | 1576 ||| UPGRADING to +1 ring mail of willpower.
  1586 | D:3      | 1586 ||| DROPPING +0 ring mail.
  1587 | D:3      | 1587 ||| UPGRADING to ring of protection from cold.
  1588 | D:3      | 1588 ||| READING scroll of identify.
  1588 | D:3      | 1588 ||| IDENTIFYING fizzy purple potion
  1589 | D:3      | 1589 ||| DROPPING potion of magic.
  1692 | D:4      | Noticed an ogre
  1697 | D:4      | Killed an ogre
  1698 | D:4      | Reached skill level 9 in Ranged Weapons
  1706 | D:4      | Noticed a water moccasin
  1713 | D:4      | Killed a water moccasin
  1714 | D:4      | Reached XP level 6. HP: 28/36 MP: 8/8
  1896 | D:4      | Reached skill level 10 in Ranged Weapons
  1963 | D:4      | Reached skill level 3 in Dodging
  2137 | D:4      | Reached XP level 7. HP: 40/40 MP: 9/9
  2205 | D:4      | 2205 ||| DROPPING amulet of the acrobat.
  2206 | D:4      | 2206 ||| READING scroll labelled OLIGUMUVAG.
  2207 | D:4      | 2207 ||| READING scroll labelled MAVVIC GOHE.
  2242 | D:5      | Entered Level 5 of the Dungeon
  2242 | D:5      | Noticed qw's ghost (amateur DEHu)
  2243 | D:5      | Found a runed translucent door.
  2256 | D:5      | Found a staircase to the Ecumenical Temple.
  2257 | D:5      | 2257 ||| PLANNING TEMPLE
  2262 | Temple   | Entered the Ecumenical Temple
  2263 | Temple   | 2263 ||| PLANNING OKAWARU WORSHIP
  2287 | Temple   | Became a worshipper of Warmaster Okawaru
  2288 | Temple   | 2288 ||| PLANNING D:1-11
  2445 | D:5      | Reached skill level 1 in Armour
  2484 | D:5      | Found Fiorgh's Antique Armour Emporium.
  2498 | D:5      | Noticed Edmund
  2505 | D:5      | Killed Edmund
  2506 | D:5      | Reached skill level 11 in Ranged Weapons
  2555 | D:5      | Identified the ring "Maiwue" {+Blink rN+ SInv}
  2575 | D:5      | Found Coleiry's Assorted Antiques.
  2584 | D:5      | 2584 ||| BUYING scratched onyx ring (120 gold).
  2584 | D:5      | Bought a scratched onyx ring for 120 gold pieces
  2584 | D:5      | 2584 ||| BUYING scroll labelled KANIZX ATIUTT (24 gold).
  2584 | D:5      | Bought a scroll labelled KANIZX ATIUTT for 24 gold pieces
  2584 | D:5      | 2584 ||| BUYING silvery potion (21 gold).
  2584 | D:5      | Bought a silvery potion for 21 gold pieces
  2649 | D:5      | Noticed Ijyb
  2652 | D:5      | Killed Ijyb
  2723 | D:5      | Reached * piety under Okawaru
  2724 | D:5      | Reached skill level 12 in Ranged Weapons
  2724 | D:5      | Reached XP level 8. HP: 44/45 MP: 10/10
  2803 | D:5      | Found Coaq's Magic Scroll Emporium.
  2811 | D:5      | 2811 ||| SHOPLISTING scroll of enchant armour (75 gold,
                  | have 11).
  2811 | D:5      | 2811 ||| SHOPLISTING scroll of identify (20 gold, have 11).
  2811 | D:5      | 2811 ||| SHOPLISTING scroll of teleportation (30 gold, have
                  | 11).
  2864 | D:5      | Reached skill level 3 in Fighting
  2864 | D:5      | Reached skill level 1 in Invocations
  2873 | D:5      | Found a glowing silver altar of Zin.
  3039 | D:5      | 3039 ||| SHOPLISTING embroidered hat (126 gold, have 36).
  3039 | D:5      | 3039 ||| SHOPLISTING fine ice dragon scales (1170 gold,
                  | have 36).
  3039 | D:5      | 3039 ||| SHOPLISTING glowing ring mail (126 gold, have 36).
  3039 | D:5      | 3039 ||| SHOPLISTING runed leather armour (90 gold, have
                  | 36).
  3092 | D:5      | Found Ereocw's Assorted Antiques.
  3097 | D:5      | 3097 ||| BUYING bubbling coppery potion (21 gold).
  3097 | D:5      | Bought a bubbling coppery potion for 21 gold pieces
  3097 | D:5      | 3097 ||| SHOPLISTING bubbling coppery potion (21 gold, have
                  | 15).
  3097 | D:5      | 3097 ||| SHOPLISTING glass ring (120 gold, have 15).
  3097 | D:5      | 3097 ||| SHOPLISTING scroll labelled ICORUSEMEU (24 gold,
                  | have 15).
  3097 | D:5      | 3097 ||| SHOPLISTING scroll of identify (48 gold, have 15).
  3097 | D:5      | 3097 ||| SHOPLISTING wand of roots (6) (345 gold, have 15).
  3097 | D:5      | 3097 ||| SHOPLISTING worn iron wand (96 gold, have 15).
  3274 | D:5      | 3274 ||| UPGRADING to amulet of faith.
  3284 | D:5      | 3284 ||| UPGRADING to ring "Maiwue" {+Blink rN+ SInv}.
  3285 | D:5      | 3285 ||| UPGRADING to ring of poison resistance.
  3287 | D:5      | 3287 ||| READING scroll labelled KANIZX ATIUTT.
  3388 | D:5      | 3388 ||| DRINKING 2 silvery potions.
  3389 | D:5      | 3389 ||| DRINKING 3 fizzy inky potions.
  3389 | D:5      | Gained mutation: You occasionally lose the ability to read
                  | scrolls when taking damage. [potion of mutation]
  3389 | D:5      | Gained mutation: Your body sometimes deteriorates upon
                  | taking damage. [potion of mutation]
  3389 | D:5      | Gained mutation: You are resistant to electric shocks.
                  | (rElec) [potion of mutation]
  3389 | D:5      | Gained mutation: You passively dampen the noise of your
                  | surroundings. [potion of mutation]
  3390 | D:5      | 3390 ||| DRINKING 2 potions of mutation.
  3390 | D:5      | Lost mutation: You passively dampen the noise of your
                  | surroundings. [potion of mutation]
  3390 | D:5      | Lost mutation: You are resistant to electric shocks.
                  | (rElec) [potion of mutation]
  3390 | D:5      | Gained mutation: You have large cloven feet. [potion of
                  | mutation]
  3390 | D:5      | Gained mutation: You have supernaturally acute eyesight.
                  | (SInv) [potion of mutation]
  3390 | D:5      | Gained mutation: You have sharp fingernails. [potion of
                  | mutation]
  3391 | D:5      | 3391 ||| DRINKING potion of mutation.
  3391 | D:5      | Lost mutation: Your body sometimes deteriorates upon taking
                  | damage. [potion of mutation]
  3391 | D:5      | Lost mutation: You have sharp fingernails. [potion of
                  | mutation]
  3391 | D:5      | Lost mutation: You have large cloven feet. [potion of
                  | mutation]
  3391 | D:5      | Gained mutation: You expend magic power (3 MP) to
                  | strengthen your wands. [potion of mutation]
  3391 | D:5      | Gained mutation: You have a pair of small antennae on your
                  | head. [potion of mutation]
  3392 | D:5      | 3392 ||| UPGRADING to ring of protection from cold.
  3543 | D:6      | Noticed Eustachio
  3548 | D:6      | Killed Eustachio
  3549 | D:6      | Reached skill level 3 in Invocations
  3720 | D:6      | Reached ** piety under Okawaru
  3721 | D:6      | Reached skill level 13 in Ranged Weapons
  3734 | D:6      | Noticed Dowan
  3736 | D:6      | Noticed Duvessa
  3737 | D:6      | 3737 ||| RETREEEEATING.
  3738 | D:6      | 3738 ||| RETREEEEATING.
  3753 | D:6      | Killed Dowan
  3754 | D:6      | 3754 ||| RETREEEEATING.
  3755 | D:6      | 3755 ||| RETREEEEATING.
  3756 | D:6      | 3756 ||| INVOKING Heroism.
  3763 | D:6      | Killed Duvessa
  3764 | D:6      | Reached XP level 9. HP: 30/50 MP: 11/14
  3765 | D:6      | Reached skill level 14 in Ranged Weapons
  3919 | D:6      | Noticed Menkaure
  3921 | D:6      | 3921 ||| INVOKING Heroism.
  3926 | D:6      | Killed Menkaure
  4163 | D:6      | 4163 ||| READING scroll of identify.
  4163 | D:6      | 4163 ||| IDENTIFYING sapphire potion
  4164 | D:6      | 4164 ||| DROPPING wand of flame (30).
  4165 | D:6      | 4165 ||| DROPPING potion of attraction.
  4291 | D:7      | Noticed Maggie
  4292 | D:7      | 4292 ||| INVOKING Heroism.
  4304 | D:7      | Killed Maggie
  4304 | D:7      | Reached *** piety under Okawaru
  4314 | D:7      | Reached skill level 15 in Ranged Weapons
  4350 | D:7      | Noticed a two-headed ogre
  4351 | D:7      | 4351 ||| INVOKING Heroism.
  4359 | D:7      | Killed a two-headed ogre
  4593 | D:7      | Reached **** piety under Okawaru
  4740 | D:7      | Noticed Jeremiah
  4741 | D:7      | 4741 ||| RETREEEEATING.
  4743 | D:7      | 4743 ||| INVOKING Finesse.
  4760 | D:7      | Killed Jeremiah
  4976 | D:7      | Identified the +1 pair of boots of Context {Rampage
                  | *Corrode rElec rPois}
  5091 | D:7      | 5091 ||| UPGRADING to +1 pair of boots of Context {Rampage
                  | *Corrode rElec rPois}.
  5096 | D:7      | 5096 ||| REMOVING ring of poison resistance.
  5097 | D:7      | 5097 ||| UPGRADING to +4 ring of protection.
  5098 | D:7      | 5098 ||| DRINKING 2 green potions.
  5099 | D:7      | 5099 ||| DRINKING 2 bubbling coppery potions.
  5125 | D:7      | 5125 ||| DROPPING potion of lignification.
  5183 | D:8      | Found Fiojoyhipn's General Store.
  5188 | D:8      | Reached XP level 10. HP: 44/59 MP: 15/15
  5206 | D:8      | 5206 ||| Stepping ~*~*~tactically~*~*~ (cloud).
  5295 | D:8      | Reached skill level 16 in Ranged Weapons
  5297 | D:8      | Found Setrot's Specific Store.
  5302 | D:8      | 5302 ||| BUYING scroll of identify (26 gold).
  5302 | D:8      | Bought a scroll of identify for 26 gold pieces
  5302 | D:8      | 5302 ||| BUYING scroll of teleportation (39 gold).
  5302 | D:8      | Bought a scroll of teleportation for 39 gold pieces
  5332 | D:8      | HP: 12/59 [orc warrior/bolt (4)]
  5333 | D:8      | 5333 ||| READING scroll of teleportation.
  5334 | D:8      | 5334 ||| DRINKING 3 potions of heal wounds.
  5340 | D:8      | 5340 ||| RETREEEEATING.
  5538 | D:8      | Reached ***** piety under Okawaru
  5559 | D:8      | Noticed a two-headed ogre
  5560 | D:8      | 5560 ||| INVOKING Finesse.
  5563 | D:8      | Noticed a cyclops
  5566 | D:8      | Killed a two-headed ogre
  5567 | D:8      | Reached skill level 6 in Dodging
  5567 | D:8      | Reached skill level 6 in Invocations
  5582 | D:8      | Killed a cyclops
  5598 | D:8      | Identified the +8 flail of Nuidgh {antimagic, rF+ rN++
                  | Will+ Int-3}
  5598 | D:8      | Noticed a centaur warrior
  5606 | D:8      | Killed a centaur warrior
  5606 | D:8      | Received a gift from Okawaru
  5637 | D:8      | Noticed a cyclops
  5638 | D:8      | 5638 ||| INVOKING Finesse.
  5642 | D:8      | Killed a cyclops
  5658 | D:8      | Noticed a two-headed ogre
  5663 | D:8      | Killed a two-headed ogre
  5664 | D:8      | Reached XP level 11. HP: 52/64 MP: 15/19
  5749 | D:8      | Found a basalt altar of Yredelemnul.
  5750 | D:8      | Found an ornate altar of the Wu Jian Council.
  5751 | D:8      | Found an ornate altar of the Wu Jian Council.
  5751 | D:8      | Found a shimmering altar of Xom.
  5884 | D:8      | Found Devoc's Weapon Boutique.
  5955 | D:8      | Found a staircase to the Lair.
  5956 | D:8      | 5956 ||| RETREEEEATING.
  5960 | D:8      | 5960 ||| RETREEEEATING.
  5961 | D:8      | 5961 ||| RETREEEEATING.
  5962 | D:8      | 5962 ||| RETREEEEATING.
  5965 | D:8      | 5965 ||| RETREEEEATING.
  5972 | D:8      | 5972 ||| RETREEEEATING.
  5973 | D:8      | 5973 ||| RETREEEEATING.
  5974 | D:8      | 5974 ||| RETREEEEATING.
  5986 | D:8      | Received a gift from Okawaru
  5989 | D:8      | HP: 12/64 [orc warrior/bolt (12)]
  5990 | D:8      | 5990 ||| READING scroll of teleportation.
  5990 | D:8      | HP: 5/64 [orc warrior/bolt (7)]
  5991 | D:8      | 5991 ||| DRINKING 2 potions of heal wounds.
  6454 | D:8      | Reached skill level 9 in Invocations
  6691 | D:8      | 6691 ||| PLANNING LAIR
  6691 | D:8      | 6691 ||| READING scroll of identify.
  6691 | D:8      | 6691 ||| IDENTIFYING fizzy puce potion
  6692 | D:8      | 6692 ||| READING scroll labelled RAEVE ITOEGAI.
  6692 | D:8      | Identified a scroll of acquirement
  6692 | D:8      | 6692 ||| ACQUIRING 766 gold pieces
  6692 | D:8      | Acquired 766 gold pieces
  6694 | D:8      | 6694 ||| READING scroll labelled QEOGASTR GEMA.
  6795 | D:8      | 6795 ||| DROPPING potion of brilliance.
  6827 | Lair:1   | Entered Level 1 of the Lair of Beasts
  6855 | Lair:1   | Reached skill level 6 in Fighting
  6861 | Lair:1   | 6861 ||| RETREEEEATING.
  6863 | Lair:1   | 6863 ||| RETREEEEATING.
  6865 | Lair:1   | 6865 ||| RETREEEEATING.
  6866 | Lair:1   | 6866 ||| RETREEEEATING.
  6876 | Lair:1   | Noticed a death yak
  6877 | Lair:1   | 6877 ||| RETREEEEATING.
  6878 | Lair:1   | 6878 ||| RETREEEEATING.
  7009 | Lair:1   | Reached skill level 3 in Armour
  7016 | Lair:1   | HP: 16/64 [cane toad (11)]
  7017 | Lair:1   | 7017 ||| DRINKING 2 potions of heal wounds.
  7410 | Lair:1   | Received a gift from Okawaru
  7632 | Lair:1   | Noticed a death yak
  7632 | Lair:1   | Noticed a death yak
  7633 | Lair:1   | 7633 ||| INVOKING Finesse.
  7652 | Lair:1   | Killed a death yak
  7652 | Lair:1   | Noticed a death yak
  7653 | Lair:1   | Reached skill level 9 in Dodging
  7657 | Lair:1   | Noticed a death yak
  7665 | Lair:1   | Killed a death yak
  7682 | Lair:1   | Killed a death yak
  7684 | Lair:1   | 7684 ||| FLEEEEING.
  7696 | Lair:1   | HP: 9/67 [death yak (10)]
  7697 | Lair:1   | 7697 ||| DRINKING potion of heal wounds.
  7699 | Lair:1   | 7699 ||| RETREEEEATING.
  7699 | Lair:1   | HP: 3/67 [death yak (19)]
  7700 | Lair:1   | 7700 ||| RETREEEEATING.
  7701 | Lair:1   | 7701 ||| RETREEEEATING.
  7702 | Lair:1   | 7702 ||| RETREEEEATING.
  7703 | Lair:1   | 7703 ||| INVOKING Finesse.
  7703 | Lair:1   | Slain by a death yak

Levels and vault maps discovered:
D:1:      lightli_arrival_windingriver, layout_rooms,
          shapermc_ecumenical_altar_mp_ritualfount, corner_web_ring
D:2:      layout_rooms, minmay_stone_trees_medium
D:3:      layout_basic, minmay_fountain_box
D:4:      layout_gridville
D:5:      layout_gridville, mainiacjoe_overflow_alcove_1,
          minmay_temple_entry_wispy, hellmonk_ghost_happy_afterlife,
          serial_shops, shop, nicolae_shop_tiny_real_fake_doors, shop,
          nicolae_shop_peninsula, serial_library,
          serial_library_hellmonk_small_alcove,
          serial_library_hellmonk_reading_circle,
          serial_library_hellmonk_hallway_a,
          serial_library_hellmonk_filled_rooms,
          serial_library_hellmonk_junction, uniq_ijyb, uniq_edmund
D:6:      nicolae_cairo_tiling, layout_gridville, hex_tiny, uniq_eustachio,
          uniq_duvessa, uniq_menkaure
D:7:      layout_loops_ring, nicolae_zen_rock_garden, uniq_jeremiah, uniq_maggie
D:8:      minmay_the_grid_octo_tiled_squarecenter [minmay_the_grid_octo_chip,
          minmay_the_grid_octo_clover, minmay_the_grid_octo_focus,
          minmay_the_grid_octo_shrine,
          minmay_the_grid_square_5x5_megaprize_crossed,
          minmay_the_grid_square_5x5_bite, minmay_the_grid_square_5x5_seven,
          minmay_the_grid_square_5x5_empty, minmay_the_grid_square_5x5_minibox],
          layout_basic, david_lair_generic, serial_shops, shop,
          roderic_lattice_a, nicolae_specific_store
Temple:   bh_familiar_temple
Lair:1:   layout_roguey, chequers_serial_rivers_large_a, grunt_megastairs_3

Skill      XL: |  1  2  3  4  5  6  7  8  9 10 11 |
---------------+----------------------------------+-----
Ranged Weapons | 6 8 9 10 12 13 15 16 | 16.0
Fighting       | 2 3 5 7 |  7.1
Dodging        | 3 4 5 8 9 |  9.4
Armour         | 1 2 3 |  3.0
Invocations    | 4 8 10 | 10.0
Stealth        | |  1.2

Action                     |  1- 3 |  4- 6 |  7- 9 | 10-12 || total
---------------------------+-------+-------+-------+-------++-------
   Fire: Shortbow          |    98 |       |       |       ||    98
         Orcbow            |     5 |    78 |   247 |   333 ||   663
 Invoke: Heroism           |       |       |     4 |       ||     4
         Finesse           |       |       |     1 |     4 ||     5
    Use: Scroll            |     7 |     1 |     4 |     5 ||    17
         Potion            |       |       |     6 |     4 ||    10
 Armour: Leather armour    |     2 |       |       |       ||     2
         Ring mail         |    49 |    10 |    41 |    80 ||   180
  Dodge: Dodged            |    37 |    13 |    66 |    75 ||   191

Table legend:
 A = Non-vault XP
 B = Vault XP
 C = Vault XP percentage of total XP
 D = Non-vault monster count
 E = Vault monster count
 F = Vault count percentage of total count
                 A         B        C        D         E       F
            +---------+---------+-------+---------+---------+-------
      Total |   10687 |    8325 |  43.8 |     159 |      38 |  19.3
            +---------+---------+-------+---------+---------+-------
        D:1 |      28 |       0 |   0.0 |      19 |       0 |   0.0
        D:2 |     153 |       0 |   0.0 |      17 |       0 |   0.0
        D:3 |      45 |       0 |   0.0 |      20 |       0 |   0.0
        D:4 |     509 |       0 |   0.0 |      19 |       0 |   0.0
        D:5 |     875 |     209 |  19.3 |      19 |       2 |   9.5
        D:6 |     769 |     562 |  42.2 |      16 |       4 |  20.0
        D:7 |    1416 |     777 |  35.4 |      18 |       2 |  10.0
        D:8 |     963 |    6777 |  87.6 |      13 |      30 |  69.8
     Lair:1 |    5929 |       0 |   0.0 |      18 |       0 |   0.0
            +---------+---------+-------+---------+---------+-------
